[Event "*** Titled Tuesday Blitz"]
[Site "Chess.com"]
[Date "2021.02.16"]
[Round "3"]
[White "beautroll"]
[Black "noamapplesauce"]
[Result "1-0"]
[WhiteElo "2478"]
[BlackElo "2124"]
[TimeControl "180+1"]
[EndTime "10:30:54 PST"]
[Termination "beautroll won by checkmate"]

1. e4 e5 2. Nf3 Nc6 3. Bb5 Nf6 4. d3 Bc5 5. Bxc6 dxc6 6. O-O Nd7 7. Nbd2 O-O 8. Re1 Re8 9. Nf1 Nf8 10. Ng3 Ng6 11.
c3 Nh4 12. Nxe5 Bxf2+ 13. Kxf2 Rxe5 14. d4 Re6 15. Kg1 Rg6 16. Bf4 Bg4 17. Qd3 h5 18.
Rf1 Nxg2 19. Kxg2 h4 20. Rae1 hxg3 21. hxg3 Qd7 22. Rh1 Re8 23. Rh4 Rge6 24. Reh1 f5 25. Rxg4 fxg4 26. e5 Qd5+ 27. Kg1 Qf3 28. Qh7+ Kf7 29.
Qf5+ Ke7 30. Bg5+ Kd7 31. Qxf3 gxf3 32. Kf2 Rf8 33. Rh7 Rf5 34. Rxg7+ Ke8 35. Bf4 Rf7 36. Rg8+ Ke7 37. Kxf3 b6 38. Ke4 Rh7 39. Bg5+ Kd7 40. Rd8# 1-0

[Event "*** Titled Tuesday Blitz"]
[Site "Chess.com"]
[Date "2021.02.16"]
[Round "3"]
[White "louis198"]
[Black "ckgchess"]
[Result "0-1"]
[WhiteElo "2551"]
[BlackElo "2768"]
[TimeControl "180+1"]
[EndTime "10:30:55 PST"]
[Termination "ckgchess won by resignation"]

1. d4 Nf6 2. c4 g6 3. Nc3 Bg7 4. e4 O-O 5. Nf3 d6 6. Be2 e5 7. O-O exd4 8. Nxd4 Re8 9. f3 Nc6 10. Nc2 Nh5 11. Nd5 Be6 12. Rb1 a5 13. Be3 f5 14. Qd2 fxe4 15. fxe4 Nf6 16. Bf3 Ne5 17. Bg5 Nxc4 18. Qf4 Bxd5 19. exd5 Ne5 20. Nd4 Nd3 21. Qd2 Nc5 22. Bg4 Nfe4 23. Bxd8 Nxd2 24. Ne6 Nxf1 25.
Bg5 Ne4 26. Kxf1 h6 27. Be3 Nf6 28. Bf3 c6 29. Bf4 Rac8 30. Bxd6 Nxd5 31. Nc5 Ne3+ 32.
Kf2 Nf5 33. Bf4 Bd4+ 0-1

[Event "*** Titled Tuesday Blitz"]
[Site "Chess.com"]
[Date "2021.02.16"]
[Round "3"]
[White "JoakimVonAnd"]
[Black "NemtsevIgor"]
[Result "1-0"]
[WhiteElo "2544"]
[BlackElo "2358"]
[TimeControl "180+1"]
[EndTime "10:30:55 PST"]
[Termination "JoakimVonAnd won on time"]

1. d4 Nf6 2. c4 g6 3. Nc3 Bg7 4. e4 d6 5. Be2 O-O 6. Be3 e5 7.
d5 c6 8. g4 cxd5 9. cxd5 a6 10. g5 Nh5 11. Bxh5 gxh5 12. Qxh5 b5 13. Qd1 f5 14. gxf6 Qxf6 15. Qd2 Bg4 16. Nge2 Nd7 17. Rg1 Bh5 18. Ng3 Bg6 19. Bg5 Qf7 20. h4 Nc5 21. b4 Na4 22. Nxa4 bxa4 23. h5 Bxh5 24. Nxh5 Qxh5 25. Be7 Rf4 26. Qe3 Rc8 27. Bg5 Rc4 28. Bxf4 exf4 29. Qxf4 Kh8 30. Rc1 Rxc1+ 31. Qxc1 Qe5 32.
Qc8+ 1-0

[Event "*** Titled Tuesday Blitz"]
[Site "Chess.com"]
[Date "2021.02.16"]
[Round "3"]
[White "goldihouse"]
[Black "MaxLeto"]
[Result "1-0"]
[WhiteElo "2537"]
[BlackElo "2331"]
[TimeControl "180+1"]
[EndTime "10:30:56 PST"]
[Termination "goldihouse won by resignation"]

1. c4 e5 2. g3 Nc6 3. Bg2 Nf6 4. Nc3 Bc5 5. a3 a5 6. e3 O-O 7. Nge2 Re8 8. O-O e4 9. d3 exd3 10. Qxd3 Ne5 11. Qc2 d6 12. b3 c6 13. h3 Bd7 14.
Bd2 Qc8 15. Kh2 Bf5 16. e4 Bd7 17. f4 Ng6 18. Na4 Ba7 19. Bxa5 b5 20. Nb2 bxc4 21. Nxc4 Qb8 22. Bc3 d5 23. exd5 Nxd5 24. Rae1 Nxc3 25. Qxc3 Ne7 26. Ne5 Qb7 27. Nd4 Nd5 28. Qc4 Bxd4 29. Qxd4 Rxa3 30. Nxc6 Rxe1 31. Rxe1 Bxc6 32. Bxd5 Ra2+ 33. Kg1 Ra8 34. Rd1 Bxd5 35. Qxd5 Qa7+ 36. Qd4 h6 37. Qxa7 Rxa7 38. Rb1 Rb7 39. Kf2 Rb5 40. Ke3 f5 41. Kd4 Kf7 42. b4 Ke6 43. Kc4 Rb8 44. Re1+ Kd6 45. Re5 g6 46. b5 Rc8+ 47. Kd4 Rc1 48. Rd5+ Kc7 49.
Rc5+ Kb7 50. Rxc1 1-0

[Event "*** Titled Tuesday Blitz"]
[Site "Chess.com"]
[Date "2021.02.16"]
[Round "3"]
[White "youngKID"]
[Black "elextranjero00"]
[Result "0-1"]
[WhiteElo "2828"]
[BlackElo "2624"]
[TimeControl "180+1"]
[EndTime "10:30:58 PST"]
[Termination "elextranjero00 won by resignation"]

1. Nf3 d5 2. g3 Nd7 3. d4 Nb6 4. Bg2 Bf5 5. a4 a5 6. Bf4 e6 7. O-O Bd6 8. Bxd6 Qxd6 9. Nbd2 h6 10. Nh4 Bh7 11. c4 dxc4 12. Bxb7 Rb8 13. Ne4 Bxe4 14.
Bxe4 Nf6 15. Bg2 c5 16. dxc5 Qxc5 17. Qc2 O-O 18. Rfc1 Rfc8 19. Nf3 Qb4 20. Ne5 Qc5 21. Qc3 Nfd7 22. Ng4 Nd5 23. Bxd5 exd5 24. Rd1 h5 25. Ne3 Nf6 26. Qe5 Re8 27. Qg5 Rxb2 28. Kh1 Ne4 29. Qf4 Nxf2+ 30. Qxf2 Qxe3 31. Qxe3 Rxe3 32. Rxd5 Rexe2 33.
Rxh5 c3 34. Rc1 c2 0-1

[Event "*** Titled Tuesday Blitz"]
[Site "Chess.com"]
[Date "2021.02.16"]
[Round "3"]
[White "EnergeticHay"]
[Black "SchmakAttack"]
[Result "0-1"]
[WhiteElo "2384"]
[BlackElo "2598"]
[TimeControl "180+1"]
[EndTime "10:30:58 PST"]
[Termination "SchmakAttack won by resignation"]

1. e4 e6 2. f4 d5 3. e5 c5 4. Nf3 Nh6 5. c3 Nc6 6. Na3 Nf5 7. Nc2 Be7 8. d4 O-O 9. Bd3 Qb6 10. g4 Nh4 11. O-O Nxf3+ 12. Qxf3 cxd4 13. cxd4 Nxd4 14. Nxd4 Qxd4+ 15. Kh1 Bd7 16. h4 Bc6 17. Kh2 f6 18. exf6 Qxf6 19. g5 Qf7 20. Qg4 Bd6 21. h5 g6 22.
hxg6 hxg6 23. Re1 Rae8 24. Bd2 Bxf4+ 25. Bxf4 Qxf4+ 26. Qxf4 Rxf4 27. Kg3 Rb4 28. Bxg6 Re7 29. b3 e5 30. Re2 Rg7 31. Bc2 Rxg5+ 32. Kf2 Rf4+ 33. Ke1 Rg1+ 34. Kd2 Rxa1 35. Rxe5 Rxa2 36. Rg5+ Kf8 37. Re5 Rf2+ 38. Kd3 Raxc2 0-1

[Event "*** Titled Tuesday Blitz"]
[Site "Chess.com"]
[Date "2021.02.16"]
[Round "3"]
[White "mirochka"]
[Black "InvisibleWarrior2252"]
[Result "1-0"]
[WhiteElo "2280"]
[BlackElo "2552"]
[TimeControl "180+1"]
[EndTime "10:30:58 PST"]
[Termination "mirochka won on time"]

1. e4 c5 2. d4 cxd4 3. c3 g6 4. cxd4 d5 5. e5 Bg7 6. Nc3 Nh6 7. h4 Nc6 8. h5 Bg4 9. f3 Be6 10. Be3 Nf5 11. Bf2 Qb6 12. Bb5 Bh6 13. hxg6 hxg6 14. g4 Bd2+ 15. Qxd2 Rxh1 16. gxf5 gxf5 17. Bxc6+ Qxc6 18. O-O-O O-O-O 19. Kb1 Rg8 20. Rc1 Kb8 21. Nge2 Rxc1+ 22. Nxc1 f4 23. Qxf4 Rg2 24. Be1 Qc4 25. b3 Qf1 26. Qe3 Bf5+ 27. Ka1 Rg1 28. Qf4 Qxe1 29. e6+ Kc8 30. Ne2 fxe6 31. Qe5 1-0

[Event "*** Titled Tuesday Blitz"]
[Site "Chess.com"]
[Date "2021.02.16"]
[Round "3"]
[White "Logman74"]
[Black "LamaChampetre"]
[Result "1-0"]
[WhiteElo "2384"]
[BlackElo "2209"]
[TimeControl "180+1"]
[EndTime "10:30:58 PST"]
[Termination "Logman74 won on time"]

1. e4 c5 2. Nf3 g6 3. c3 d5 4. d4 dxe4 5. Ne5 cxd4 6. cxd4 Nf6 7. Bc4 e6 8. O-O Bg7 9. Nc3 O-O 10. Bg5 Qc7 11.
Bb3 Nc6 12. Bf4 Qb6 13. Nxc6 Qxc6 14. Rc1 Qb6 15. Re1 Bd7 16. Nxe4 Nxe4 17. Rxe4 Bc6 18. Re1 Qxd4 19. Rc4 Qxb2 20. Bc1 Qf6 21. Rc2 Rad8 22. Qe2 Qf5 23. Ba3 Rfe8 24. Rc5 Qf4 25. Rc4 Qf5 26. Bc2 Qg5 27. Rg4 Qd5 28. Rg3 Qd2 29. h4 Qxe2 30. Rxe2 Bb5 31. Re1 Rd2 32. Bb3 Bd4 33.
Rf3 Bc6 34. Rf4 Kg7 35. Bc1 Rd3 36. Bc4 1-0

[Event "*** Titled Tuesday Blitz"]
[Site "Chess.com"]
[Date "2021.02.16"]
[Round "3"]
[White "DarZay"]
[Black "Walter_White_Poland"]
[Result "1/2-1/2"]
[WhiteElo "2159"]
[BlackElo "2350"]
[TimeControl "180+1"]
[EndTime "10:30:58 PST"]
[Termination "Game drawn by repetition"]

1. e4 e5 2. Nf3 Nc6 3. Bc4 Nf6 4. d3 d5 5. exd5 Nxd5 6. Nc3 Nb6 7. Bb3 Bg4 8. h3 Bh5 9. Be3 Bb4 10. Qd2 Bxf3 11.
gxf3 Qd7 12. a3 Bxc3 13. Qxc3 O-O-O 14. O-O-O Nd4 15. Bxd4 exd4 16. Qc5 Rhe8 17. Rhe1 f6 18. Re4 Qxh3 19. Rde1 Rxe4 20. Rxe4 Qh1+ 21. Kd2 Qxf3 22.
Qe7 Qxf2+ 23. Re2 Qf4+ 24. Kd1 Qd6 25. Qxg7 a5 26. Re6 Qf4 27. Rxf6 Qe3 28. Rf7 Kb8 29.
Qf6 Re8 30. Qf1 c6 31. Rf8 Rxf8 32. Qxf8+ Ka7 33. Qc5 Qf3+ 34. Kd2 Qf4+ 35. Kd1 Ka6 36. Bc4+ Nxc4 37. Qxc4+ Kb6 38. b4 axb4 39. Qxb4+ Ka6 40. Qa4+ Kb6 41. Qb4+ Kc7 42. Qe7+ Kc8 43. Qe8+ Kc7 44. Qe7+ Kb6 45. Qb4+ 1/2-1/2

[Event "*** Titled Tuesday Blitz"]
[Site "Chess.com"]
[Date "2021.02.16"]
[Round "3"]
[White "GOGIEFF"]
[Black "swisspower96"]
[Result "1-0"]
[WhiteElo "2895"]
[BlackElo "2630"]
[TimeControl "180+1"]
[EndTime "10:30:59 PST"]
[Termination "GOGIEFF won by resignation"]

1. d4 Nf6 2. c4 e6 3. Nc3 Bb4 4. Nf3 d5 5. Qa4+ Nc6 6. e3 O-O 7. Bd2 Re8 8. Rd1 a6 9. a3 Bd6 10.
h3 h6 11. b4 Bd7 12. Qb3 dxc4 13. Bxc4 b5 14. Bd3 e5 15. d5 e4 16. dxc6 Be6 17.
Qb1 exd3 18. Nd4 Bc4 19. O-O Qe7 20. Nf5 Qe5 21. Nxd6 Qxd6 22. f3 Nh5 23. e4 Ng3 24.
Rfe1 Qxc6 25. Be3 f5 26. exf5 Nxf5 27. Bf2 Rad8 28. Ne4 Nd4 29. Qb2 Ne2+ 30. Kh1 Qg6 31. Bh4 Rd5 32. Bf2 Rh5 33. a4 Nf4 34. Bg1 Be6 35. Bh2 Bxh3 36. gxh3 Rxh3 37. Rg1 Qh5 38. Nf6+ 1-0

[Event "*** Titled Tuesday Blitz"]
[Site "Chess.com"]
[Date "2021.02.16"]
[Round "3"]
[White "ZEN-22"]
[Black "volunteers1998"]
[Result "1-0"]
[WhiteElo "2473"]
[BlackElo "2097"]
[TimeControl "180+1"]
[EndTime "10:30:59 PST"]
[Termination "ZEN-22 won on time"]

1. e3 e5 2. d4 exd4 3. e4 Nc6 4. c3 d5 5. cxd4 dxe4 6. d5 Ne5 7. Qa4+ Bd7 8.
Qxe4 Qe7 9. Bf4 Qb4+ 10. Nc3 Qxe4+ 11. Nxe4 Bb4+ 12. Nc3 Ng6 13. Bxc7 Rc8 14. d6 Nf6 15. O-O-O O-O 16. Nf3 Ne8 17. Nd5 Bxd6 18. Kb1 Nxc7 19.
Ne3 Ne8 20. Bd3 Bc6 21. Nf5 Bf4 22. h4 Bxf3 23. gxf3 h5 24. Rhg1 Nf6 25. b3 Nd5 26. Kb2 Be5+ 27. Ka3 Nc3 28. Rde1 Bf6 29. Bc4 Rc5 30.
Nh6+ gxh6 31. Rxg6+ Bg7 32. Reg1 Nb5+ 33. Kb4 Rxc4+ 34.
bxc4 fxg6 35. Kxb5 Rxf3 36. Rxg6 Rxf2 37. a4 Rf5+ 38.
Kb4 Rf4 39. a5 Rxh4 40. Kb5 Kf7 41. Rg2 Bf6 42. Rf2 Ke6 43. c5 1-0

[Event "*** Titled Tuesday Blitz"]
[Site "Chess.com"]
[Date "2021.02.16"]
[Round "3"]
[White "fabianvivasz"]
[Black "AliKa2810"]
[Result "0-1"]
[WhiteElo "2364"]
[BlackElo "2544"]
[TimeControl "180+1"]
[EndTime "10:31:00 PST"]
[Termination "AliKa2810 won on time"]

1. e4 c6 2. Nf3 d5 3. Nc3 Bg4 4.
h3 Bxf3 5. Qxf3 Nf6 6. d4 dxe4 7.
Nxe4 Qxd4 8. Bd3 Nxe4 9. Bxe4 Nd7 10. Bd2 Qxb2 11. O-O Qf6 12. Qg3 e5 13. f4 Bc5+ 14. Kh1 O-O 15. Qd3 Rad8 16. Bxh7+ Kh8 17. Be4 Bd4 18.
Qe2 Bxa1 19. fxe5 Qxe5 20. Rf5 Qxf5 21. Bxf5 Nf6 22. c3 Rfe8 23. Qf2 Ne4 24. Qh4+ Kg8 25. Qh7+ Kf8 26. Qh8+ Ke7 27. Qh4+ Nf6 28. Bg5 Bxc3 29. Kh2 Be5+ 30. g3 Rd4 31. Qh5 Rd2+ 32. Kg1 Red8 33. Qf3 Rd1+ 34. Kf2 Ra1 35. Qe2 Rd5 36. h4 Kf8 0-1

[Event "*** Titled Tuesday Blitz"]
[Site "Chess.com"]
[Date "2021.02.16"]
[Round "3"]
[White "BairaKovanova"]
[Black "starplatinum2030"]
[Result "0-1"]
[WhiteElo "2456"]
[BlackElo "2156"]
[TimeControl "180+1"]
[EndTime "10:31:00 PST"]
[Termination "starplatinum2030 won by resignation"]

1. e4 c5 2. Nf3 e6 3. d3 Nc6 4.
g3 g6 5. Bg2 Bg7 6. O-O Nge7 7. c3 d5 8. Qe2 O-O 9. e5 d4 10. c4 Qc7 11. Re1 a6 12. Bf4 b5 13.
Nbd2 bxc4 14. Nxc4 Nd5 15. Bg5 h6 16. Bd2 a5 17. h4 Ba6 18. Rac1 Rab8 19. b3 a4 20. bxa4 Ncb4 21. a3 Na2 22. Rc2 Nac3 23. Bxc3 Nxc3 24. Qd2 Bxc4 25. dxc4 Qa5 26. h5 g5 27. Nxg5 hxg5 28. Qxg5 Qd8 29. Qg4 Kh8 30. Be4 Bh6 31. Kg2 Qg5 32. Qf3 Nxe4 33. Rxe4 Qf5 34. Qe2 Rb3 35.
g4 d3 36. gxf5 dxe2 37. fxe6 Rg8+ 38. Kh2 Bf4+ 39. Rxf4 e1=Q 0-1

[Event "*** Titled Tuesday Blitz"]
[Site "Chess.com"]
[Date "2021.02.16"]
[Round "3"]
[White "amintabatabaei"]
[Black "iulik86"]
[Result "1-0"]
[WhiteElo "2916"]
[BlackElo "2641"]
[TimeControl "180+1"]
[EndTime "10:31:01 PST"]
[Termination "amintabatabaei won on time"]

1. d4 f5 2. Nf3 Nf6 3. c4 g6 4. b3 Bg7 5. Bb2 O-O 6. g3 d6 7. Bg2 e5 8. dxe5 Ng4 9. O-O Nxe5 10. Nc3 Nbc6 11. Qd2 a5 12. Rad1 Kh8 13. e3 Nxf3+ 14.
Bxf3 Ne5 15. Bg2 Qe8 16. Rfe1 Qf7 17. f4 Nc6 18. e4 fxe4 19. Nxe4 Bg4 20. Ng5 Qd7 21.
Bxg7+ Qxg7 22. Ne6 Bxe6 23. Rxe6 a4 24. b4 a3 25.
Rde1 Qb2 26. Qd1 Nxb4 27. Re7 Nc2 28. R1e2 Qd4+ 29. Qxd4+ Nxd4 30. R2e4 c5 31. Rxb7 Rfe8 32. Ra7 Rxa7 33. Rxe8+ Kg7 34. Bd5 Nc2 35. Rg8+ Kh6 36. g4 1-0

[Event "*** Titled Tuesday Blitz"]
[Site "Chess.com"]
[Date "2021.02.16"]
[Round "3"]
[White "zimmm36"]
[Black "m_ezat"]
[Result "1-0"]
[WhiteElo "2280"]
[BlackElo "2485"]
[TimeControl "180+1"]
[EndTime "10:31:02 PST"]
[Termination "zimmm36 won on time"]

1. d4 Nf6 2. c4 g6 3. Nc3 Bg7 4.
g3 d6 5. Bg2 O-O 6. Nf3 Nc6 7.
O-O Bg4 8. Qb3 Bxf3 9. exf3 Nxd4 10. Qxb7 Nd7 11. Qe4 Nc5 12. Qb1 e5 13. b3 a5 14.
Ba3 a4 15. b4 Nce6 16. Qd3 Rb8 17. Rab1 f5 18. Rfe1 Kh8 19. b5 f4 20. Nd5 Ng5 21. h4 Ngxf3+ 22. Bxf3 fxg3 23. Re3 gxf2+ 24. Kg2 Qxh4 25.
Rh1 Qxh1+ 26. Kxh1 e4 27. Qf1 Nxf3 28. Qxf2 Rbe8 29.
Bb2 Bxb2 30. Qxb2+ Re5 31. Rxe4 Rf5 32. Rxe5 Rxe5 33.
Nxc7 Kg8 34. b6 Rh5+ 35. Kg2 Rh2+ 36. Kxf3 Rxb2 37. Nb5 Rxb5 38. cxb5 1-0

[Event "*** Titled Tuesday Blitz"]
[Site "Chess.com"]
[Date "2021.02.16"]
[Round "3"]
[White "mr65"]
[Black "SergeyShtyka"]
[Result "0-1"]
[WhiteElo "2122"]
[BlackElo "2477"]
[TimeControl "180+1"]
[EndTime "10:31:02 PST"]
[Termination "SergeyShtyka won on time"]

1. e4 c5 2. d4 cxd4 3. c3 dxc3 4. Nxc3 e6 5. Nf3 Nc6 6. Bc4 d6 7. O-O Nf6 8. Qe2 Be7 9. Rd1 e5 10. h3 O-O 11. Be3 Be6 12. Rac1 Bxc4 13. Qxc4 Rc8 14. Qa4 a6 15. Nd5 Nxd5 16. Rxd5 h6 17. Rcd1 Qc7 18.
Qb3 b5 19. a4 Na5 20. Qd3 Nc4 21. Rc1 Qb7 22. axb5 axb5 23. b3 Nxe3 24. Rxc8 Nxd5 25. Rxf8+ Kxf8 26. exd5 g6 27. g4 Kg7 28. Nd2 Qd7 29. Ne4 f5 30. gxf5 Qxf5 31. Kg2 b4 32. f3 Qf4 33.
Qb5 Qf7 34. Qd7 Kf8 35. Qc8+ Kg7 36. Qd7 Kf8 37. Qc8+ Qe8 38. Qxe8+ Kxe8 39. h4 Bxh4 0-1

[Event "*** Titled Tuesday Blitz"]
[Site "Chess.com"]
[Date "2021.02.16"]
[Round "3"]
[White "anon102030"]
[Black "Rap_woyska"]
[Result "1-0"]
[WhiteElo "2726"]
[BlackElo "2513"]
[TimeControl "180+1"]
[EndTime "10:31:04 PST"]
[Termination "anon102030 won by resignation"]

1. e4 e6 2. d3 d5 3. Nd2 Nc6 4. g3 Nf6 5. Bg2 e5 6. Ngf3 Bc5 7. exd5 Nxd5 8. O-O O-O 9. Re1 Re8 10. c3 a5 11. Nc4 f6 12. Qb3 Be6 13. Qxb7 Qd7 14. Qb5 Bf8 15. Qa4 Rab8 16. Nh4 Bc5 17. Qc2 Nde7 18. Qe2 a4 19. Be3 Bxe3 20. Nxe3 a3 21. b3 Red8 22. Rad1 Na7 23. d4 Nb5 24. dxe5 Nxc3 25.
Qa6 Nxd1 26. Rxd1 Qc8 27. Rxd8+ Qxd8 28. Qxe6+ Kh8 29. exf6 gxf6 30. Qxf6+ Kg8 31. Nhf5 Nxf5 32. Qxf5 Rb6 33. Bd5+ Kg7 34. Ng4 Rg6 35. Qe5+ Kf8 36. Qh8+ Ke7 37. Qxh7+ Kd6 38. Qxg6+ 1-0

[Event "*** Titled Tuesday Blitz"]
[Site "Chess.com"]
[Date "2021.02.16"]
[Round "3"]
[White "barriochess"]
[Black "Blitzstream"]
[Result "1-0"]
[WhiteElo "2443"]
[BlackElo "2667"]
[TimeControl "180+1"]
[EndTime "10:31:04 PST"]
[Termination "barriochess won by resignation"]

1. d4 d5 2. c4 c6 3. Nf3 Nf6 4. Nc3 Bf5 5. Qb3 Qb6 6. Qxb6 axb6 7. cxd5 Nxd5 8. Nxd5 cxd5 9. e3 Nc6 10. Bb5 Bd7 11.
O-O e6 12. Bd2 Bd6 13. Rfc1 Ke7 14. a3 Rhc8 15. h3 Na5 16. Bxd7 Kxd7 17. Bxa5 bxa5 18.
Kf1 Rc6 19. Ke2 Rb6 20. Rc2 a4 21. Rac1 Ra5 22. Ne1 Rab5 23. Nd3 f6 24. f4 Rb3 25.
g4 g6 26. Kd2 R3b5 27. Ke2 Rb3 28. h4 Rc6 29. g5 f5 30. Kd2 Rb5 31. h5 Rxc2+ 32. Kxc2 Rb6 33. Rh1 Ke7 34. hxg6 hxg6 35. Rh7+ Kf8 36. Rd7 Rc6+ 37. Kd2 Rb6 38. Rd8+ Ke7 39.
Rg8 Kf7 40. Ra8 Ra6 41. Rxa6 bxa6 42. Kc3 Ke7 43. Ne5 Bxe5 44. fxe5 a5 45. b3 Kd7 46. b4 Kc6 47. bxa5 Kb5 48. a6 Kxa6 49.
Kb4 Kb6 50. Kxa4 Ka6 51. Kb4 Kb6 52. a4 Ka6 53. a5 Kb7 54. Kb5 Ka7 55. a6 Ka8 56.
Kb6 f4 57. exf4 Kb8 58. Kc6 Ka7 59. Kd6 1-0

[Event "*** Titled Tuesday Blitz"]
[Site "Chess.com"]
[Date "2021.02.16"]
[Round "3"]
[White "SilviusTiberius"]
[Black "Witik"]
[Result "0-1"]
[WhiteElo "2572"]
[BlackElo "2775"]
[TimeControl "180+1"]
[EndTime "10:31:05 PST"]
[Termination "Witik won by resignation"]

1. e4 c6 2. d4 d5 3. exd5 cxd5 4. Bd3 Nc6 5. c3 g6 6. Bf4 Bg7 7. Nf3 Nh6 8. O-O O-O 9. Re1 Bf5 10. Bf1 Rc8 11.
h3 f6 12. c4 Nb4 13. Na3 Nf7 14. Qb3 a5 15. Rad1 e6 16. c5 b6 17. g4 Be4 18.
Nd2 f5 19. f3 Bxd4+ 20. Kg2 bxc5 21. fxe4 fxe4 22. Nxe4 dxe4 23. Rxe4 Ng5 24. Rxe6 Kg7 25. Be5+ Kh6 26. h4 Rf2+ 27. Kh1 Nxe6 28. Qxe6 Qxh4+ 29. Kg1 Rxf1+ 30. Kg2 Rf2+ 31. Kg1 Rf6+ 32. Bxd4 Rxe6 33.
g5+ Qxg5+ 34. Kf2 cxd4 35. Rh1+ Kg7 36. Nc4 Qf4+ 37. Kg1 Re1+ 38. Kg2 Re2+ 0-1

[Event "*** Titled Tuesday Blitz"]
[Site "Chess.com"]
[Date "2021.02.16"]
[Round "3"]
[White "Sankalp_Gupta2003"]
[Black "ural58"]
[Result "1/2-1/2"]
[WhiteElo "2715"]
[BlackElo "2516"]
[TimeControl "180+1"]
[EndTime "10:31:05 PST"]
[Termination "Game drawn by repetition"]

1. d4 d5 2. Bf4 e6 3. e3 Nf6 4. Nf3 c5 5. Nbd2 Qb6 6. dxc5 Bxc5 7. c4 O-O 8. Qb3 Nc6 9. Be2 Qxb3 10. axb3 Bd7 11.
O-O Nh5 12. Bg5 h6 13. Bh4 g5 14. Bg3 Nxg3 15. hxg3 Nb4 16. Rfc1 Bd6 17. e4 Rfd8 18.
cxd5 exd5 19. e5 Bf8 20. Nd4 Nc6 21. N2f3 Bg7 22. Nxc6 Bxc6 23. Bd3 d4 24. Re1 a6 25. Nd2 Bd5 26. Nc4 Rac8 27. Nd6 Rc7 28. f4 f6 29. Nf5 fxe5 30. Nxg7 Kxg7 31. Rxe5 gxf4 32. gxf4 Bxb3 33. Rae1 Rdd7 34. Bf5 Rf7 35. g3 Bc4 36. Kf2 d3 37. Ke3 Rce7 38. Bxd3 Rxe5+ 39. fxe5 Bxd3 40. Kxd3 Rf3+ 41. Kd4 Rxg3 42. Kd5 Kf7 43. Rh1 Rg6 44. Rc1 Rb6 45.
Rc7+ Ke8 46. e6 Rxb2 47. Rc8+ Ke7 48. Rc7+ Ke8 49. Rc8+ Ke7 50. Rc7+ Ke8 1/2-1/2

[Event "*** Titled Tuesday Blitz"]
[Site "Chess.com"]
[Date "2021.02.16"]
[Round "3"]
[White "kayrakamer"]
[Black "Mihnea2017"]
[Result "0-1"]
[WhiteElo "2697"]
[BlackElo "2463"]
[TimeControl "180+1"]
[EndTime "10:31:05 PST"]
[Termination "Mihnea2017 won on time"]

1. e4 c5 2. Nf3 Nc6 3. Bb5 g6 4. O-O Bg7 5. c3 e5 6. d4 exd4 7. cxd4 cxd4 8. Bf4 Nge7 9. Bd6 O-O 10. Na3 a6 11. Bc4 b5 12. Bb3 Bb7 13. Rc1 Qb6 14. Re1 h6 15. e5 Rfe8 16. Qd3 Nf5 17. Bc5 Qd8 18. g4 Nh4 19. Nxh4 Qxh4 20. Qxg6 Nxe5 21. Rxe5 Rxe5 22. Bxd4 Kh8 23. Qd3 Qxg4+ 24. Qg3 Qxg3+ 25. hxg3 Rh5 26. Bxg7+ Kxg7 27. f3 Bxf3 28. Kf2 Bc6 29.
Nc2 Rh2+ 30. Ke3 Re8+ 31. Kd4 Ree2 32. Nb4 Rxb2 33. Nxa6 Rbd2+ 34. Kc5 Rhg2 35. Rc3 h5 36. Nb4 Rdf2 37. Nxc6 dxc6 38. Kxc6 Rf5 39. Re3 Rg5 40. Rf3 R2xg3 41. Rxf7+ Kg6 42. Rf8 h4 43. Rg8+ Kh5 0-1

[Event "*** Titled Tuesday Blitz"]
[Site "Chess.com"]
[Date "2021.02.16"]
[Round "3"]
[White "Beca95"]
[Black "federicosellitti"]
[Result "1-0"]
[WhiteElo "2905"]
[BlackElo "2465"]
[TimeControl "180+1"]
[EndTime "10:31:05 PST"]
[Termination "Beca95 won by checkmate"]

1. d4 d5 2. c4 Nc6 3. Nc3 dxc4 4. d5 Na5 5. e4 c6 6. Nf3 Nf6 7. Be2 e6 8. d6 e5 9. Nxe5 Bxd6 10. Nxc4 Nxc4 11.
Bxc4 O-O 12. O-O Qc7 13. h3 a6 14. Qf3 b5 15. Bb3 c5 16. Nd5 Nxd5 17. Bxd5 Bb7 18.
Be3 Rac8 19. Rac1 c4 20. Rfd1 Bh2+ 21. Kf1 Be5 22. Rc2 Bxd5 23. Rxd5 Rfd8 24. g3 b4 25. Kg2 a5 26. Rc5 Qxc5 27. Bxc5 Rxc5 28. Qe2 Rdc8 29. f4 Bf6 30. e5 Be7 31. Qe4 g6 32. h4 a4 33. h5 c3 34. bxc3 Rxc3 35. Re2 b3 36. axb3 axb3 37. Qb7 R8c7 38. Qb5 Rc2 39. Kh3 Rxe2 40. Qxe2 Ba3 41. Qb5 b2 42. h6 Rc8 43.
e6 fxe6 44. Qd7 Rf8 45. Qg7# 1-0

[Event "*** Titled Tuesday Blitz"]
[Site "Chess.com"]
[Date "2021.02.16"]
[Round "3"]
[White "Grimlock_Glasgow"]
[Black "rachidhuilda"]
[Result "1-0"]
[WhiteElo "2459"]
[BlackElo "2268"]
[TimeControl "180+1"]
[EndTime "10:31:06 PST"]
[Termination "Grimlock_Glasgow won on time"]

1. e4 d5 2. exd5 Qxd5 3. Nf3 Bg4 4. Be2 Nc6 5. d4 O-O-O 6. Be3 e5 7. c4 Qa5+ 8. Bd2 Bb4 9. d5 Bxf3 10. Bxf3 Nd4 11. Nc3 Qa6 12. b3 Qa5 13. Rc1 Ba3 14. Nb5 Bb4 15. Bg4+ Kb8 16. Nxd4 Bxd2+ 17. Qxd2 Qxd2+ 18. Kxd2 exd4 19. Rhe1 c5 20. dxc6 bxc6 21. c5 Nf6 22.
Bf3 Kc7 23. Rc4 Rd7 24. Ra4 Kb7 25. Rc1 Re8 26. Rcc4 Ne4+ 27. Bxe4 Rxe4 28. f3 Rh4 29. h3 f5 30. Kd3 Rh6 31. Rxd4 Rxd4+ 32. Rxd4 Kc7 33.
Ra4 Kb7 34. Rf4 g6 35. h4 1-0

[Event "*** Titled Tuesday Blitz"]
[Site "Chess.com"]
[Date "2021.02.16"]
[Round "3"]
[White "SanchezKelvin"]
[Black "EvgenyRomanov"]
[Result "0-1"]
[WhiteElo "2402"]
[BlackElo "2609"]
[TimeControl "180+1"]
[EndTime "10:31:07 PST"]
[Termination "EvgenyRomanov won by resignation"]

1. d4 d5 2. c4 dxc4 3. Nf3 Nf6 4. Nc3 a6 5. a4 Nc6 6. e4 Na5 7.
Ne5 e6 8. Nxc4 Bb4 9. Nxa5 Bxa5 10. e5 Nd5 11. Bd2 O-O 12. Bd3 Nb4 13. Be3 Nxd3+ 14.
Qxd3 b6 15. O-O Bxc3 16. Qxc3 Bb7 17. Rac1 Rc8 18. f3 a5 19. Rfd1 Qe8 20. b3 Bd5 21. Qd3 f5 22. Rc3 Qg6 23. Qe2 f4 24. Bf2 Qf5 25. Rdc1 c6 26. Qd3 Qxd3 27. Rxd3 g5 28. Rdc3 h5 29. h3 Rf7 30. Be1 Rg7 31. Kf2 g4 32.
hxg4 hxg4 33. fxg4 Rxg4 34. g3 Rf8 35. Kg1 Rf7 36.
R1c2 Rfg7 37. Rh2 fxg3 38. Rh3 g2 39. Rhg3 Rxd4 40. Rxg7+ Kxg7 41. Bf2 Rd1+ 42. Kh2 Rh1+ 43. Kg3 g1=Q+ 0-1

[Event "*** Titled Tuesday Blitz"]
[Site "Chess.com"]
[Date "2021.02.16"]
[Round "3"]
[White "LawrenceTrent"]
[Black "drragnar1"]
[Result "0-1"]
[WhiteElo "2584"]
[BlackElo "2408"]
[TimeControl "180+1"]
[EndTime "10:31:07 PST"]
[Termination "drragnar1 won on time"]

1. d4 Nf6 2. Nc3 c5 3. d5 d6 4.
e3 e5 5. Nf3 Be7 6. Be2 O-O 7.
h3 Ne8 8. Nd2 f5 9. g4 f4 10.
Nde4 fxe3 11. Bxe3 Nd7 12. a4 a6 13. Qd3 Rb8 14.
h4 Ndf6 15. g5 Ng4 16. Rg1 Nxe3 17. Qxe3 b5 18. axb5 axb5 19. Bxb5 Nc7 20. Bc4 Rf4 21. Qg3 Bf5 22. Nf6+ Kh8 23. Bd3 gxf6 24. gxf6 Bxf6 25. Bxf5 Rxf5 26. Ne4 Rf4 27. Ng5 Bxg5 28. hxg5 Qe8 29. Ra7 Nxd5 30. Qd3 Qg6 31. Qxd5 Qxc2 32. Rxh7+ Kxh7 33. g6+ Kg7 0-1

[Event "*** Titled Tuesday Blitz"]
[Site "Chess.com"]
[Date "2021.02.16"]
[Round "3"]
[White "politeplayer"]
[Black "PowerThinking2650"]
[Result "1-0"]
[WhiteElo "2218"]
[BlackElo "2416"]
[TimeControl "180+1"]
[EndTime "10:31:07 PST"]
[Termination "politeplayer won by resignation"]

1. f4 e5 2. e4 Bc5 3. Nf3 d6 4. Bc4 Nc6 5. d3 Nf6 6. Nc3 Bg4 7. Na4 Bb6 8. Nxb6 axb6 9. h3 Bxf3 10. Qxf3 Qe7 11. Bb5 O-O-O 12. Bxc6 bxc6 13. O-O h6 14. a4 Kb7 15. a5 b5 16. a6+ Ka8 17. fxe5 dxe5 18.
Be3 Rhf8 19. b4 Nd7 20. d4 exd4 21. Bxd4 Ne5 22. Qc3 Rxd4 23. Qxd4 Rd8 24. Qc3 f6 25. Rad1 Rxd1 26. Rxd1 Nc4 27. Qd4 Nd6 28. Re1 Nc4 29. Rd1 Nd6 30. Kh1 Qxe4 31. Qxe4 Nxe4 32. Rd7 Ka7 33.
Rxc7+ Kxa6 34. Rxg7 Nc3 35. Rg6 Nd5 36. Rxh6 Nxb4 37. Rxf6 Kb6 38. h4 Nxc2 39. h5 b4 40. h6 b3 41. h7 b2 42. Rf1 Na3 43. h8=Q 1-0